 Dungeon Crawl Stone Soup version 0.23.0 (webtiles) character file.

Game seed: 1936366467261659705

2172 Morbidden the Grappler (level 9, -1/75 HPs)
             Began as a Black Draconian Fighter on Feb 11, 2019.
             Was a Follower of Cheibriados.
             Slain by an orc warrior
             ... wielding a +0 trident
              (7 damage)
             ... on level 7 of the Dungeon.
             The game lasted 00:16:37 (6167 turns).

Morbidden the Grappler (Black Draconian Fighter)    Turns: 6167, Time: 00:16:37

Health: -1/75      AC:  8    Str: 20    XL:     9   Next: 11%
Magic:  9/9        EV: 13    Int: 10    God:    Cheibriados [*.....]
Gold:   147        SH: 11    Dex: 17    Spells: 8/8 levels left

rFire    + . .     SeeInvis .     - Unarmed
rCold    + . .     Gourm    .   a - +1 shield
rNeg     . . .     Faith    .   (armour unavailable)
rPois    .         Spirit   .   (helmet restricted)
rElec    +         Reflect  .   j - scarf {rC+ rF+}
rCorr    .         Harm     .   r - +0 pair of gloves
MR       .....                  (no boots)
Stlth    ++........             (no amulet)
HPRegen  0.22/turn              (no ring)
MPRegen  0.11/turn              (no ring)

@: about to teleport, very slightly contaminated, invisible, very slow
A: breathe lightning, unfitting armour, electricity resistance, cold-blooded, AC
+7
a: Breathe Lightning, Bend Time, Renounce Religion


You were on level 7 of the Dungeon.
You worshipped Cheibriados.
Cheibriados was aware of your devotion.
You were hungry.

You visited 2 branches of the dungeon, and saw 8 of its levels.

You collected 285 gold pieces.
You spent 138 gold pieces at shops.

Inventory:

Missiles
 t - 4 poisoned tomahawks (quivered)
 v - 4 javelins
Armour
 a - a +1 shield (worn)
 j - a scarf of resistance (worn)
 r - a +0 pair of gloves (worn)
Wands
 b - a wand of iceblast (3)
Scrolls
 g - 2 scrolls of identify
 k - 3 scrolls of amnesia
 l - a scroll of remove curse
 m - a scroll of enchant armour
 p - a scroll of enchant weapon
 s - a scroll of fog
Potions
 e - a potion of cancellation {unknown}
 n - a potion of mutation {unknown}
 u - a potion of invisibility
 x - a potion of resistance {unknown}
 z - a potion of magic {unknown}
Comestibles
 c - 14 rations


   Skills:
 * Level 6.2 Fighting
 + Level 4.8 Dodging
 + Level 1.6 Stealth
 + Level 5.6 Shields
 * Level 9.0 Unarmed Combat


You had 8 spell levels left.
You didn't know any spells.
Your spell library was empty.

Dungeon Overview and Level Annotations

Branches:
Dungeon (7/15)             Temple (1/1) D:4

Altars:
Cheibriados
Dithmenos
Elyvilon
Fedhas
Gozag
Hepliaklqana
Kikubaaqudgha
Makhleb
Nemelex Xobeh
Okawaru
Qazlal
Ru
Sif Muna
Trog
Uskayaw
Vehumet
Wu Jian
Xom
Yredelemnul
Zin
The Shining One

Shops:
D:6 [   D:7 =

Annotations:
D:4 1 runed translucent door, ciphuk's ghost, novice OpBe
D:6 2 transporters, PeterQ's ghost, novice TeGl


Innate Abilities, Weirdness & Mutations

You can breathe wild blasts of lightning.
Your glossy black scales are hard. (AC +7)
You cannot fit into any form of body armour.
You are resistant to electric shocks. (rElec)
You are cold-blooded and may be slowed by cold attacks.


Message History

The orc priest shouts! x2
The orc priest calls upon Beogh to heal the orc warrior.
The orc warrior's wounds heal themselves!
You block the centaur's attack.
The orc warrior hits you from afar with a +0 trident.
The orc shouts!
Unknown command.
As you read the scroll of teleportation, it crumbles to dust.
You feel strangely unstable. The centaur hits you.
* * * LOW HITPOINT WARNING * * *
The orc priest casts a cantrip, but nothing happens.
You block the centaur's attack.
The orc priest invokes the aid of Beogh against you.
Beogh smites you!
* * * LOW HITPOINT WARNING * * *
Unknown command.
You fade into invisibility!
The orc throws a stone.
The stone hits the centaur.
The orc warrior hits you from afar with a +0 trident!
You die...

.... . .... ....# ..?.
..#... .... ..##...
...c## ...#..oo ##
.....##....o....## .#
....Z<..###...(..##.##
........#....o.......#
..###...........@.<.#
. .........##.c.#.#
...#..##....o.###
....##.(#..#.....#
.####...#.......###
.##.###.##.........#
.........##.o.......#
..........o..(.....##
.............(......#


You could see 2 orc warriors, a centaur, 2 orc priests and 2 orcs.

Vanquished Creatures
  A hornet (D:6)
  A spriggan (D:7)
  A black bear (D:7)
  2 sky beasts
  An ogre (D:5)
  A bullfrog (D:7)
  A water moccasin zombie (D:7)
  9 wights
  3 hounds
  A jelly (D:5)
  4 orc priests
  2 centaur skeletons
  3 orc wizards
  2 iguanas
  8 worker ants
  A hound skeleton (D:6)
  A mummy (D:6)
  A howler monkey zombie (D:5)
  A worker ant zombie (D:5)
  5 gnolls
  12 adders
  An ooze (D:1)
  An adder zombie (D:5)
  4 worms
  2 dart slugs
  A leopard gecko (D:7)
  13 orcs
  A ball python (D:3)
  5 giant cockroaches
  8 goblins
  7 hobgoblins
  2 jackals (D:5)
  8 kobolds
  2 quokkas (D:4)
  9 bats
  2 frilled lizards
  A jackal skeleton (D:4)
  2 leopard gecko skeletons
  A quokka skeleton (D:3)
  22 rats
153 creatures vanquished.

Notes
Turn   | Place    | Note
-------+----------+-------------------------------------------
     0 | D:1      | Morbidden the Draconian Fighter began the quest for the
                  | Orb.
     0 | D:1      | Reached XP level 1. HP: 19/19 MP: 1/1
    87 | D:1      | Reached XP level 2. HP: 24/26 MP: 2/2
   726 | D:2      | Reached XP level 3. HP: 17/33 MP: 3/3
  1231 | D:2      | Reached skill level 3 in Unarmed Combat
  1231 | D:2      | Reached XP level 4. HP: 32/40 MP: 4/4
  1761 | D:2      | Found an iron altar of Okawaru.
  1826 | D:2      | Found a sacrificial altar of Ru.
  1836 | D:2      | Found a hazy altar of Hepliaklqana.
  1887 | D:3      | Reached XP level 5. HP: 44/46 MP: 5/5
  2031 | D:3      | Reached skill level 4 in Unarmed Combat
  2795 | D:4      | Found a staircase to the Ecumenical Temple.
  2807 | Temple   | Entered the Ecumenical Temple
  3007 | D:4      | Noticed a sky beast
  3421 | D:4      | Reached XP level 6. HP: 53/53 MP: 6/6
  3507 | D:4      | Found a runed translucent door.
  3507 | D:4      | Noticed ciphuk's ghost (novice OpBe)
  3644 | D:4      | Found a basalt altar of Yredelemnul.
  3801 | D:4      | Killed a sky beast
  3801 | D:4      | Reached skill level 5 in Unarmed Combat
  3863 | D:4      | Reached skill level 1 in Stealth
  4015 | D:5      | Entered Level 5 of the Dungeon
  4227 | D:5      | Found a hide-covered altar of Uskayaw.
  4228 | D:5      | Found a radiant altar of Vehumet.
  4233 | D:5      | Found a sparkling altar of Nemelex Xobeh.
  4252 | D:5      | Your scales start taking on a glossy black colour.
  4252 | D:5      | Reached XP level 7. HP: 60/60 MP: 7/7
  4252 | D:5      | Gained mutation: You are resistant to electric shocks.
                  | (rElec) [Black Draconian growth]
  4430 | D:5      | Reached skill level 6 in Unarmed Combat
  4546 | D:5      | Reached skill level 5 in Fighting
  4780 | D:5      | Found a stormy altar of Qazlal.
  5177 | D:6      | Found a transporter.
  5179 | D:6      | Noticed PeterQ's ghost (novice TeGl)
  5187 | D:6      | Found a transporter.
  5284 | D:6      | Reached skill level 7 in Unarmed Combat
  5437 | D:6      | Found a snail-covered altar of Cheibriados.
  5450 | D:6      | Reached XP level 8. HP: 48/68 MP: 8/8
  5454 | D:6      | Became a worshipper of Cheibriados the Contemplative
  5602 | D:6      | Found Elyrch's Armour Shop.
  5604 | D:6      | Bought a +0 cloak of invisibility for 138 gold pieces
  5827 | D:7      | Noticed a hornet
  5856 | D:6      | Killed a hornet
  5861 | D:6      | Reached skill level 5 in Shields
  5915 | D:7      | Noticed a hippogriff
  5953 | D:7      | Reached skill level 8 in Unarmed Combat
  6008 | D:7      | Reached * piety under Cheibriados
  6037 | D:7      | Found a shimmering altar of Xom.
  6076 | D:7      | Found Rautwid's Jewellery Shoppe.
  6095 | D:7      | Reached XP level 9. HP: 32/75 MP: 9/9
  6144 | D:7      | Reached skill level 9 in Unarmed Combat
  6167 | D:7      | Slain by an orc warrior

Skill      XL: |  1  2  3  4  5  6  7  8  9 |
---------------+----------------------------+-----
Dodging        | 3 4 |  4.8
Unarmed Combat | 3 4 5 7 8 9 |  9.0
Fighting       | 4 5 6 |  6.2
Shields        | 4 5 |  5.6
Stealth        | 1 |  1.6

Action                   |  1- 3 |  4- 6 |  7- 9 || total
-------------------------+-------+-------+-------++-------
Melee: Unarmed           |    80 |   345 |   219 ||   644
       Tailslap          |     7 |    36 |    30 ||    73
Throw: Tomahawk          |       |    10 |     4 ||    14
       Javelin           |       |     4 |       ||     4
 Abil: Breathe Lightning |       |       |     8 ||     8
Evoke: Wand              |       |       |     2 ||     2
  Use: Potion            |     1 |       |    12 ||    13
       Scroll            |       |     4 |    11 ||    15
 Stab: Sleeping          |     1 |     3 |     2 ||     6
  Eat: Chunk             |       |    10 |     5 ||    15
       Ration            |       |       |     1 ||     1
Armor: Skin              |    24 |    78 |   102 ||   204
Dodge: Dodged            |    45 |   122 |   109 ||   276
Block: Shield            |    40 |   144 |   141 ||   325
